 Dungeon Crawl Stone Soup version 0.31-a0-237-g2d982f9f85 (webtiles) character file.

Game seed: 155891039222851818

159 Maciety the Chopper (level 5, -3/47 HPs)
             Began as a Hill Orc Berserker on July 11, 2023.
             Was a Believer of Trog.
             Slain by a gnoll bouda
             ... wielding a +0 club
              (6 damage)
             ... on level 3 of the Dungeon.
             The game lasted 00:07:49 (1923 turns).

Maciety the Chopper (Hill Orc Berserker)            Turns: 1923, Time: 00:07:49

Health: -3/47      AC:  7    Str: 22    XL:     5   Next: 40%
Magic:  5/5        EV: 10    Int:  7    God:    Trog [**....]
Gold:   180        SH:  0    Dex: 10    Spells: 4/4 levels left

rFire   . . .        a - +0 hand axe
rCold   . . .        (no shield)
rNeg    . . .        f - +0 scale mail
rPois   .            j - +0 helmet
rElec   .            (no cloak)
rCorr   .            (no gloves)
SInv    .            (no boots)
Will    .....        (no amulet) Stlth
                     (no ring)
HPRegen 0.27/turn    (no ring)
MPRegen 0.09/turn

%: no passive effects
@: weakened, on berserk cooldown, slowed, very slow
A: no striking features
a: Renounce Religion, Berserk, Trog's Hand


You were on level 3 of the Dungeon.
You worshipped Trog.
Trog was pleased with you.
You visited 1 branch of the dungeon, and saw 3 of its levels.

You collected 180 gold pieces.

Inventory:

Hand Weapons
 a - a +0 hand axe (weapon)
Armour
 b - a +0 animal skin
 f - a +0 scale mail (worn)
 j - a +0 helmet (worn)
Scrolls
 e - 3 scrolls of identify {unknown}
 g - 2 scrolls of enchant armour {unknown}
 h - a scroll of fear {unknown}
 k - a scroll of noise {unknown}
 l - a scroll of summoning {unknown}
 m - a scroll of immolation {unknown}
 p - a scroll of poison {unknown}
 q - a scroll of fog {unknown}
Potions
 c - 2 potions of haste {unknown}
 d - a potion of enlightenment {unknown}
 i - a potion of berserk rage {unknown}
 n - a potion of lignification {unknown}
 o - 2 potions of might {unknown}


   Skills:
 + Level 4.8 Fighting
 + Level 6.0 Axes
 + Level 3.1 Armour
 + Level 2.1 Dodging


You had 4 spell levels left.
You didn't know any spells.
Your spell library contained the following spells:

 Spells                   Type           Power      Damage    Failure   Level
 Necrotise                Necr           0%         1d4       77%         1
 Cigotuvi's Dreadful Rot  Necr/Pois/Air  0%         N/A       88%         2
 Ignite Poison            Fire/Tmut/Pois 0%         N/A       98%         3
 Vampiric Draining        Necr           0%         2d6       98%         3
 Agony                    Necr           0%         N/A       100%        5
 Freezing Cloud           Conj/Ice/Air   0%         6-21      100%        5


Dungeon Overview and Level Annotations

Branches:
Dungeon (3/15)

Altars:
Dithmenos
Wu Jian

Annotations:
D:3 Robin


Message History

A hobgoblin comes into view.
You hit the gnoll bouda.
The gnoll bouda is almost dead.
You hit the goblin.
The gnoll bouda mumbles some strange prayers to its god.
The gnoll bouda is healed somewhat.
Robin throws the goblin at you!
The goblin barely misses you. x2; The gnoll bouda barely misses you.
The goblin hits you but does no damage.
You hit the gnoll bouda but do no damage.
The gnoll bouda is severely wounded.
You barely miss the goblin. You closely miss the goblin.
The goblin hits you with a +0 dagger.
The gnoll bouda hits you with a +0 club.
* * * LOW HITPOINT WARNING * * *
You barely miss the gnoll bouda.
The gnoll bouda is severely wounded.
You hit the gnoll but do no damage. You barely miss the goblin.
A goblin comes into view. It is wielding a +0 club.
The gnoll bouda barely misses you. The goblin completely misses you.
The gnoll closely misses you.
The gnoll bouda hits you with a +0 club!
* * * LOW HITPOINT WARNING * * *
The goblin hits you but does no damage. The gnoll hits you with a +0 club.
* * * LOW HITPOINT WARNING * * *
You barely miss the gnoll bouda.
The gnoll bouda is severely wounded.
The goblin shouts!
You hit the gnoll. You hit the goblin. The goblin hits you but does no damage.
The gnoll bouda gazes fiercely through you!
You feel as though you will be weak longer.
The gnoll bouda closely misses you. The gnoll hits you with a +0 club.
* * * LOW HITPOINT WARNING * * *
You hit the gnoll bouda.
The gnoll bouda is almost dead.
You hit the gnoll. You hit the goblin.
You kill the goblin!
Trog accepts your kill.
The gnoll is no longer moving quickly. x2
The gnoll bouda hits you with a +0 club.
You die...

#...[..########.#
#......# #..#
######.## ##.#
#..## ..## ##..#
#... ##.# #......
#.# ##....g..
#g## ##..#.....
#@g###g.##....g
##)ggggg.g.....
###ggg........
##gg:.....#
##......##
#.#.....#
##......#
.:.....#
#........#


You could see a gnoll bouda, Robin, 4 gnolls, 2 hobgoblins and 4 goblins.

Vanquished Creatures
  A scorpion (D:3)
  4 adders
  A worm (D:3)
  5 dart slugs
  An orc (D:3)
  8 endoplasms
  3 giant cockroaches
  5 goblins
  2 hobgoblins
  A jackal (D:2)
  6 kobolds
  4 quokkas
  3 ball pythons
  5 bats
  A frilled lizard (D:1)
  3 rats (D:2)
53 creatures vanquished.

Notes
Turn   | Place    | Note
-------+----------+-------------------------------------------
     0 | D:1      | Maciety the Hill Orc Berserker began the quest for the Orb.
     0 | D:1      | Reached XP level 1. HP: 19/19 MP: 1/1
   178 | D:1      | Reached XP level 2. HP: 27/27 MP: 2/2
   507 | D:2      | Found an ornate altar of the Wu Jian Council.
   676 | D:2      | Reached ** piety under Trog
   677 | D:2      | Reached XP level 3. HP: 23/33 MP: 3/3
  1154 | D:2      | Reached skill level 5 in Axes
  1414 | D:3      | Noticed a scorpion
  1426 | D:3      | Killed a scorpion
  1427 | D:3      | Reached XP level 4. HP: 37/41 MP: 4/4
  1542 | D:3      | Reached XP level 5. HP: 40/47 MP: 5/5
  1621 | D:3      | Found a shadowy altar of Dithmenos.
  1907 | D:3      | Reached skill level 6 in Axes
  1915 | D:3      | Noticed Robin
  1923 | D:3      | Slain by a gnoll bouda

Illustrated notes

Levels and vault maps discovered:
D:1:      dpeg_arrival_another_circle, layout_rooms
D:2:      layout_loops_ring, basic_altar, kennysheep_potato
D:3:      layout_basic, grunt_dithmenos_smoke, kennysheep_decorative_pillar,
          uniq_robin

Skill      XL: |  1  2  3  4  5 |
---------------+----------------+-----
Fighting       | 4 |  4.8
Axes           | 5 6 |  6.0
Dodging        | 2 |  2.1
Armour         | 3 |  3.1

Action                     |  1- 3 |  4- 6 || total
---------------------------+-------+-------++-------
  Melee: Hand axe          |   109 |    54 ||   163
         Punch             |     1 |       ||     1
 Invoke: Berserk           |     3 |     1 ||     4
 Armour: Scale mail        |    42 |    29 ||    71
  Dodge: Dodged            |    59 |    33 ||    92

Table legend: (Time is in decaauts)
 A = Elapsed time spent in this place.
 B = Non-inter-level travel time spent in this place.
 C = Inter-level travel time spent in this place.
 D = Time resting spent in this place.
 E = Time spent auto-exploring this place.
 F = Levels seen in this place.
 G = Mean time per level.
                   A        B        C        D        E       F      G
               +--------+--------+--------+--------+--------+-----+--------+
         Total |   1963 |   1937 |     26 |    320 |   1077 |   3 |  654.3 |
       Dungeon |   1963 |   1937 |     26 |    320 |   1077 |   3 |  654.3 |
               +--------+--------+--------+--------+--------+-----+--------+

Top non-repeatable levels by time:
     D:2: 953 daAuts
     D:3: 526 daAuts
     D:1: 483 daAuts
